 Dungeon Crawl Stone Soup version 0.31.0-32-g396128a36d (webtiles) character file.

Game seed: 10990072552038698499

29454 Consumeair16 the Cleaver (level 13, -7/138 HPs)
             Began as a Demonspawn Gladiator on Apr 2, 2024.
             Was a High Priest of Hepliaklqana.
             Mangled by a spark wasp zombie (9 damage)
             ... on level 15 of the Dungeon.
             The game lasted 00:38:58 (12839 turns).

Consumeair16 the Cleaver (Demonspawn Gladiator)    Turns: 12839, Time: 00:39:00

Health: -7/138     AC: 30    Str: 15    XL:     13   Next: 15%
Magic:  15/15      EV:  2    Int: 15    God:    Hepliaklqana [*****.]
Gold:   911        SH:  0    Dex: 15    Spells: 12/12 levels left

rFire   . . .        U - +0 demon whip (venom)
rCold   + . .        (no shield)
rNeg    + . .        p - melded +2 troll leather armour {Snorg}
rPois   +            (helmet currently unavailable)
rElec   .            (cloak unavailable)
rCorr   .            (gloves unavailable)
SInv    .            f - melded +0 pair of boots
Will    +....        t - amulet of Onnuaxal {RegenMP rC+ rN+}
Stlth   +++          u - +4 ring of slaying
HPRegen 0.43/turn    w - +4 ring of protection
MPRegen 0.54/turn

%: no passive effects
@: mighty, tree-form
A: stationary, stasis, torment immunity, boosted hp, reduced essence, (horns 1),
demonic guardian 1, demonic magic 1, (weakness stinger 3), (demonic touch 3),
clever 1, low MP 1, strong-willed 1
a: Renounce Religion, Recall Ancestor, Ancestor Identity, Transference, Idealise


You were on level 15 of the Dungeon.
You worshipped Hepliaklqana.
Hepliaklqana was extremely pleased with you.
You were a tree.
You visited 1 branch of the dungeon, and saw 15 of its levels.

You collected 911 gold pieces.

Inventory:

Hand Weapons
 a - a +0 war axe
 o - a +1 hand axe of flaming
 P - a +2 spear of flaming
 U - a +0 demon whip of venom (weapon)
Missiles
 d - 4 throwing nets (quivered)
 e - a javelin
Armour
 b - a +1 leather armour
 c - a +0 helmet
 f - a +0 pair of boots (melded)
 h - +0 steam dragon scales
 p - a +2 troll leather armour (melded) {Snorg}
 C - a +2 chain mail of willpower
 J - a +0 pair of gloves of hurling
 L - a +0 troll leather armour
 R - a +0 buckler of poison resistance
 S - a +0 robe of resistance
 V - the +4 robe "Juckuivi" {rPois rF+ Str+3}
   (You found it on level 11 of the Dungeon)

   Str+3:     It affects your strength (+3).
   rF+:       It protects you from fire.
   rPois:     It protects you from poison
Magical Staves
 I - a staff of air
Jewellery
 r - a ring of see invisible
 t - the amulet of Onnuaxal (around neck) {RegenMP rC+ rN+}
   (You found it on level 6 of the Dungeon)

   [amulet of magic regeneration]

   RegenMP:   It increases your rate of magic regeneration.
   rC+:       It protects you from cold.
   rN+:       It protects you from negative energy.
 u - a +4 ring of slaying (left branch)
 v - a ring of willpower
 w - a +4 ring of protection (right branch)
 y - a ring of resist corrosion
 F - a ring of ice
 H - a ring of positive energy
 N - a ring of positive energy
 Q - a +5 ring of evasion
Scrolls
 g - 5 scrolls of teleportation
 j - 2 scrolls of vulnerability
 k - 2 scrolls of amnesia
 m - a scroll of identify
 n - a scroll of noise
 q - 3 scrolls of fog
 E - a scroll of poison
 G - a scroll of revelation
 T - a scroll of silence
Potions
 l - a potion of invisibility
 s - a potion of curing
 z - 2 potions of brilliance
 A - 2 potions of magic
 B - a potion of haste {unknown}
 D - 2 potions of berserk rage {unknown}
Miscellaneous
 M - a condenser vane (inert)
 O - a sack of spiders (inert)


   Skills:
 + Level 10.0 Fighting
 + Level 13.4(13.7) Axes
 + Level 3.7(9.5) Maces & Flails
 + Level 1.8 Throwing
 + Level 7.3 Armour
 + Level 8.2 Dodging
 + Level 5.2 Stealth
 * Level 6.2 Invocations
 + Level 2.5 Evocations


You had 12 spell levels left.
You didn't know any spells.
Your spell library contained the following spells:

 Spells                   Type           Power      Damage    Failure   Level
 Freeze                   Ice            0%         1d3       26%         1
 Slow                     Hex            0%         N/A       26%         1
 Confusing Touch          Hex            0%         N/A       63%         3
 Frozen Ramparts          Ice            0%         1d1       63%         3
 Hailstorm                Conj/Ice       0%         3d5       63%         3
 Sigil of Binding         Hex            0%         N/A       63%         3
 Stone Arrow              Conj/Erth      0%         3d7       63%         3
 Vampiric Draining        Necr           0%         2d6       63%         3
 Anguish                  Hex/Necr       0%         N/A       95%         4
 Animate Armour           Summ/Erth      0%         N/A       95%         4
 Cause Fear               Hex            0%         N/A       95%         4
 Alistair's Intoxication  Alch           0%         N/A       100%        5
 Borgnjor's Vile Clutch   Necr/Erth      0%         N/A       100%        5
 Summon Forest            Summ/Tloc      0%         N/A       100%        5
 Summon Mana Viper        Hex/Summ       0%         N/A       100%        5
 Eringya's Noxious Bog    Alch           0%         4d6       100%        6
 Summon Cactus Giant      Summ           0%         N/A       100%        6
 Enfeeble                 Hex            0%         N/A       100%        7
 Lehudib's Crystal Spear  Conj/Erth      0%         10d2      100%        8


Dungeon Overview and Level Annotations

Branches:
Dungeon (15/15)            Temple (0/1) D:6            Lair (0/5) D:8
    Orc (0/2) D:12         Vaults (0/5) D:13
 Depths: D:15

Altars:
Ashenzari
Cheibriados
Fedhas
Gozag
Hepliaklqana
Kikubaaqudgha
Qazlal
Sif Muna
Trog

Shops:
D:3 (   D:5 [   D:14 ?


Innate Abilities, Weirdness & Mutations

You are a tree.
Your roots penetrate the ground, keeping you stationary.
You cannot be teleported.
You are immune to unholy pain and torment.
Your maximum health is greatly increased.
Your equipment is partially melded.
Your life essence is reduced to manifest your ancestor. (-10% HP)
((You have a pair of small horns on your head.))
A weak demonic guardian rushes to your aid.
Spells you cast may paralyse adjacent enemies.
((You have a sharp stinger which inflicts weakening toxins.))
((Your touch may irresistibly damage your foes and sap their willpower.))
Your mind is acute. (Int +4, Str/Dex -1)
Your magical capacity is low. (-10% MP)
You are strong-willed. (Will+)


Message History

Your ufetubus hits the storm dragon zombie but does no damage.
The skeletal warrior hits you but does no damage.
The storm dragon zombie misses your ufetubus.
The storm dragon zombie claws your ufetubus.
The storm dragon zombie tramples your ufetubus.
Your ufetubus stumbles backwards!
You cannot move.
You hit the storm dragon zombie but do no damage.
The storm dragon zombie is heavily damaged.
Your ufetubus slips past the storm dragon zombie!
Your ufetubus hits the storm dragon zombie but does no damage.
Your ufetubus barely misses the storm dragon zombie.
The spark wasp zombie hits you!
* * * LOW HITPOINT WARNING * * *
A demonic guardian appears!
You whack the storm dragon zombie!
The storm dragon zombie is severely damaged.
The skeletal warrior hits you from afar with a +0 trident.
* * * LOW HITPOINT WARNING * * *
The storm dragon zombie bites you but does no damage.
The storm dragon zombie claws you but does no damage.
The storm dragon zombie tramples you but does no damage.
Your ufetubus hits the storm dragon zombie.
Your ufetubus hits the storm dragon zombie but does no damage.
The spark wasp zombie hits you but does no damage.
You feel better.
Your ufetubus barely misses the storm dragon zombie.
Your ufetubus hits the storm dragon zombie.
Your ice devil hits the storm dragon zombie.
Your ice devil freezes the storm dragon zombie.
The storm dragon zombie resists.
The skeletal warrior hits you from afar with a +0 trident!
* * * LOW HITPOINT WARNING * * *
The storm dragon zombie bites you.
* * * LOW HITPOINT WARNING * * *
The storm dragon zombie claws you but does no damage.
The storm dragon zombie tramples you.
* * * LOW HITPOINT WARNING * * *
The spark wasp zombie hits you!
You die...

..#.#.# #####.#.#.#
#....<#.#.#
#.#.....#.####
#.......#....#
.......##.#....#
.............4.#
..........##.ZZ####.##
.............♣5zZ^...#
###....#########.###.#
##+## ..# .^.8 8^..P
$.8..88 ......8
.W.....


You could see a skeletal warrior, a storm dragon zombie (ally target), a spark
wasp zombie, a sphinx skeleton, a friendly ice devil (summoned) and a friendly
ufetubus (summoned).

Vanquished Creatures
  A centaur warrior (D:14)
  2 boulder beetles
  5 two-headed ogres
  Erica (D:10)
  Nergalle (D:11)
  Amaemon (D:11)
  A skeletal warrior (D:15)
  A flayed ghost (D:15)
  An orc knight (D:12)
  A necromancer (D:15)
  A deep elf pyromancer (D:9)
  5 ugly things
  2 manticores
  A cyclops (D:14)
  A gargoyle (D:13)
  An unseen horror (D:10)
  5 trolls
  A centaur simulacrum (D:14)
  A slime creature (D:9)
  2 vampires
  Eustachio (D:6)
  21 yaks
  3 steam dragons
  5 vampire mosquitoes
  4 acid dragons
  A water moccasin (D:8)
  A sky beast (D:7)
  4 orc warriors
  A laughing skull (D:9)
  An ogre (D:5)
  10 centaurs
  3 phantoms (D:5)
  A bullfrog (D:8)
  A kobold brigand (D:8)
  A gnoll sergeant (D:12)
  2 scorpions (D:7)
  A hornet simulacrum (D:9)
  3 wights (D:10)
  6 howler monkeys
  2 bombardier beetles
  A hound (D:4)
  A gnoll bouda (D:8)
  An iguana (shapeshifter) (D:13)
  A jelly (D:8)
  3 sleepcaps
  7 orc priests
  4 iguanas
  6 orc wizards
  5 adders
  16 gnolls
  2 ufetubi (D:6)
  A dart slug (D:2)
  4 ribbon worms
  35 orcs
  7 bats
  6 endoplasms
  A giant cockroach (D:4)
  5 hobgoblins
  3 jackals (D:1)
  3 quokkas
  3 ball pythons
  3 frilled lizards
  12 goblins
  9 kobolds
  8 rats
254 creatures vanquished.

Vanquished Creatures (collateral kills)
  Snorg (D:11)
  A hydra (D:14)
  A boulder beetle (D:14)
  A two-headed ogre (D:9)
  An arcanist (D:14)
  2 ugly things
  An orange demon (D:11)
  3 trolls
  4 centaur simulacra (D:10)
  5 yaks
  A wraith (D:9)
  A steam dragon (D:7)
  A water moccasin (D:6)
  An orc warrior (D:10)
  An ice beast (D:10)
  2 wolves (D:10)
  2 centaurs
  2 gnoll sergeants
  A scorpion (D:6)
  A wight (D:10)
  2 electric eels (D:10)
  3 orc priests
  A hound (D:5)
  A sleepcap (D:5)
  3 orc wizards
  5 gnolls
  An adder (D:5)
  An ufetubus (D:10)
  A ribbon worm (D:5)
  11 orcs
  A kobold (D:8)
63 creatures vanquished.

Vanquished Creatures (others)
  7 hexers
7 creatures vanquished.

Grand Total: 324 creatures vanquished

Notes
Turn   | Place    | Note
-------+----------+-------------------------------------------
     0 | D:1      | Consumeair16 the Demonspawn Gladiator began the quest for
                  | the Orb.
     0 | D:1      | Reached XP level 1. HP: 16/16 MP: 1/1
   200 | D:1      | Discovered your monstrous ancestry.
   200 | D:1      | Gained mutation: You have a pair of small horns on your
                  | head. [demonic ancestry]
   200 | D:1      | Reached XP level 2. HP: 22/22 MP: 2/2
   209 | D:1      | Reached skill level 3 in Axes
   992 | D:2      | Gained mutation: Your touch may inflict minor irresistible
                  | damage on your foes. [demonic ancestry]
   992 | D:2      | Reached XP level 3. HP: 27/27 MP: 3/3
  1295 | D:2      | Found a hazy altar of Hepliaklqana.
  1311 | D:2      | Became a worshipper of Hepliaklqana the Forgotten
  1647 | D:3      | Gained mutation: Your touch may inflict irresistible damage
                  | on your foes. [demonic ancestry]
  1647 | D:3      | Reached XP level 4. HP: 33/33 MP: 4/4
  1713 | D:3      | Found Zayvoab's Weapon Shop.
  1761 | D:3      | Found a faded altar of an unknown god.
  1771 | D:3      | Reached skill level 1 in Armour
  1852 | D:3      | Found an ancient bone altar of Kikubaaqudgha.
  1952 | D:3      | Found a bloodstained altar of Trog.
  2469 | D:4      | Found an opulent altar of Gozag.
  2476 | D:4      | Found an opulent altar of Gozag.
  2482 | D:4      | Reached skill level 4 in Axes
  2482 | D:4      | Reached skill level 1 in Stealth
  2529 | D:4      | Gained mutation: You have a small tail. [demonic ancestry]
  2529 | D:4      | Reached XP level 5. HP: 20/39 MP: 5/5
  2789 | D:4      | Found an opulent altar of Gozag.
  2794 | D:4      | Found an opulent altar of Gozag.
  3566 | D:4      | Reached * piety under Hepliaklqana
  3735 | D:5      | Entered Level 5 of the Dungeon
  3744 | D:5      | Reached XP level 6. HP: 41/41 MP: 6/6
  3797 | D:5      | Reached skill level 5 in Axes
  3986 | D:5      | Reached XP level 7. HP: 14/46 MP: 7/7
  4367 | D:5      | Found Mwindo's Dragon-Slaying Spoils.
  4514 | D:5      | Reached skill level 6 in Axes
  4836 | D:6      | Noticed Eustachio
  4849 | D:6      | Killed Eustachio
  4850 | D:6      | Gained mutation: You have a tail ending in a sharp stinger.
                  | [demonic ancestry]
  4850 | D:6      | Reached XP level 8. HP: 41/54 MP: 8/8
  4853 | D:6      | Identified the amulet of Onnuaxal {RegenMP rC+ rN+}
  4975 | D:6      | Found a shimmering blue altar of Sif Muna.
  5083 | D:6      | Found a staircase to the Ecumenical Temple.
  5095 | D:6      | Reached ** piety under Hepliaklqana
  5096 | D:6      | Remembered your ancestor Nakurtum as a hexer
  5312 | D:7      | Reached skill level 7 in Axes
  5728 | D:7      | Found a blossoming altar of Fedhas.
  5734 | D:7      | Found a stormy altar of Qazlal.
  6195 | D:8      | Gained mutation: A weak demonic guardian rushes to your
                  | aid. [demonic ancestry]
  6195 | D:8      | Reached XP level 9. HP: 60/60 MP: 9/9
  6198 | D:8      | Reached skill level 8 in Axes
  6221 | D:8      | Reached skill level 5 in Fighting
  6304 | D:8      | Noticed a two-headed ogre
  6314 | D:8      | Killed a two-headed ogre
  6315 | D:8      | Reached skill level 5 in Armour
  6315 | D:8      | Reached skill level 5 in Dodging
  6612 | D:8      | Reached skill level 9 in Axes
  6612 | D:8      | Reached skill level 1 in Evocations
  6668 | D:8      | Noticed a death yak
  6669 | D:8      | Noticed a death yak
  6890 | D:8      | Found a staircase to the Lair.
  6981 | D:9      | Noticed a troll
  6993 | D:9      | Killed a troll
  6994 | D:9      | Gained mutation: Your touch may irresistibly damage your
                  | foes and sap their willpower. [demonic ancestry]
  6994 | D:9      | Reached XP level 10. HP: 27/68 MP: 10/10
  7158 | D:9      | Noticed a two-headed ogre
  7159 | D:9      | Reached *** piety under Hepliaklqana
  7165 | D:9      | Killed a two-headed ogre
  7166 | D:9      | Reached skill level 10 in Axes
  7851 | D:9      | Found a broken altar of Ashenzari.
  7857 | D:9      | Noticed a two-headed ogre
  7864 | D:9      | Killed a two-headed ogre
  8294 | D:9      | Noticed a deep elf pyromancer
  8319 | D:9      | Killed a deep elf pyromancer
  8320 | D:9      | Reached skill level 11 in Axes
  8706 | D:10     | Entered Level 10 of the Dungeon
  8869 | D:10     | Noticed Erica
  8881 | D:10     | Killed Erica
  8882 | D:10     | Reached XP level 11. HP: 17/75 MP: 11/11
  9341 | D:10     | Noticed a two-headed ogre
  9348 | D:10     | Killed a two-headed ogre
  9467 | D:10     | Reached skill level 12 in Axes
  9600 | D:11     | Reached **** piety under Hepliaklqana
  9667 | D:11     | Noticed a two-headed ogre
  9672 | D:11     | Noticed Nergalle
  9676 | D:11     | Killed a two-headed ogre
  9686 | D:11     | Killed Nergalle
  9753 | D:11     | Noticed Snorg
  9762 | D:11     | HP: 3/80 [Snorg (11)]
  9763 | D:11     | Noticed Amaemon
  9766 | D:11     | Killed Snorg
  9788 | D:11     | Gained mutation: You have a sharp stinger which inflicts
                  | weakening toxins. [demonic ancestry]
  9788 | D:11     | Reached XP level 12. HP: 29/85 MP: 12/12
 10006 | D:11     | Found a snail-covered altar of Cheibriados.
 10222 | D:11     | Killed Amaemon
 10556 | D:11     | Identified the +4 robe "Juckuivi" {rPois rF+ Str+3}
 10636 | D:11     | Gained mutation: Your body sometimes deteriorates upon
                  | taking damage. [potion of mutation]
 10636 | D:11     | Gained mutation: You are partially covered in iridescent
                  | scales. (AC +2) [potion of mutation]
 10636 | D:11     | Gained mutation: You are strong-willed. (Will+) [potion of
                  | mutation]
 10637 | D:11     | Lost mutation: You are partially covered in iridescent
                  | scales. (AC +2) [potion of mutation]
 10637 | D:11     | Lost mutation: Your body sometimes deteriorates upon taking
                  | damage. [potion of mutation]
 10637 | D:11     | Gained mutation: Your magical capacity is low. (-10% MP)
                  | [potion of mutation]
 10637 | D:11     | Gained mutation: Your mind is acute. (Int +4, Str/Dex -1)
                  | [potion of mutation]
 10716 | D:12     | You fall into a shaft and drop 2 floors!
 10728 | D:14     | Noticed a boulder beetle
 10751 | D:14     | Killed a boulder beetle
 10752 | D:14     | Reached skill level 13 in Axes
 10752 | D:14     | Reached skill level 1 in Invocations
 10862 | D:14     | Noticed a seven-headed hydra
 10871 | D:14     | Killed a seven-headed hydra
 11097 | D:14     | Noticed a boulder beetle
 11112 | D:14     | Killed a boulder beetle
 11217 | D:14     | Noticed a centaur warrior
 11231 | D:14     | Killed a centaur warrior
 11232 | D:14     | Reached skill level 1 in Maces & Flails
 11272 | D:14     | Found Posche Lauta's Magic Scroll Boutique.
 11438 | D:12     | Found a staircase to the Orcish Mines.
 11904 | D:12     | Noticed a two-headed ogre
 11911 | D:12     | Killed a two-headed ogre
 11912 | D:12     | Reached skill level 5 in Invocations
 12141 | D:12     | Reached ***** piety under Hepliaklqana
 12523 | D:13     | Noticed a boulder beetle
 12531 | D:13     | Killed a boulder beetle
 12532 | D:13     | Reached skill level 5 in Stealth
 12532 | D:13     | Gained mutation: Spells you cast may paralyse adjacent
                  | enemies. [demonic ancestry]
 12532 | D:13     | Reached XP level 13. HP: 91/92 MP: 15/15
 12617 | D:13     | Found a gate to the Vaults.
 12791 | D:15     | Entered Level 15 of the Dungeon
 12826 | D:15     | Reached skill level 10 in Fighting
 12839 | D:15     | HP: 6/138 [skeletal warrior/+0 trident (13)]
 12839 | D:15     | HP: 2/138 [storm dragon zombie (3)]
 12839 | D:15     | Mangled by a spark wasp zombie

Illustrated notes

Levels and vault maps discovered:
D:1:      dpeg_arrival_simpleton_b, layout_loops_cross
D:2:      layout_loops_ring, basic_altar
D:3:      layout_loops_ring, nicolae_kikubaaqudgha_miasma_corner,
          lemuel_round_altar, hellmonk_ecumenical_altar_run_dry, serial_shops,
          nicolae_shop_tiny_glass
D:4:      layout_layer_cave, mainiacjoe_overflow_brackets,
          nicolae_gozag_conspicuous_consumption
D:5:      layout_cave_pools, nicolae_shop_dragon_depot,
          dreamdust_princess_bridge, kennysheep_generic_room_12
D:6:      layout_basic, nicolae_sif_muna_condensation,
          minmay_temple_entry_purple_smoke, uniq_eustachio
D:7:      cheibrodos_steamvent, layout_basic,
          grunt_temple_overflow_forces_of_nature
D:8:      layout_cave_pods, minitemple, dpeg_lair_monsters, uniq_joseph
D:9:      minmay_tri_box, layout_basic, ashenzari_altar_1
D:10:     layout_roguey, serial_ice, serial_ice_b, serial_ice_k, serial_ice_d,
          serial_ice_n, serial_bayou_pond_b, uniq_erica
D:11:     layout_loops_ring, slow_altar_1, uniq_amaemon, uniq_snorg,
          uniq_nergalle
D:12:     layout_roguey, david_orc_5, nicolae_twisting_strands,
          minmay_misc_feat_tower
D:13:     layout_basic, hellmonk_vaults_attempted_burglary
D:14:     layout_stronghold, nicolae_tricolors, serial_shops,
          nicolae_stop_n_shop_2
D:15:     gammafunk_depths_entry_grave, layout_basic

Skill      XL: |  1  2  3  4  5  6  7  8  9 10 11 12 13 |
---------------+----------------------------------------+-----
Axes           | 3 4 5 6 7 9 11 12 13 | 13.4
Dodging        | 3 4 5 6 7 8 |  8.2
Armour         | 1 2 3 4 5 6 7 |  7.3
Stealth        | 1 2 3 5 |  5.2
Fighting       | 3 4 6 7 9 10 | 10.0
Evocations     | 1 2 |  2.5
Invocations    | 5 6 |  6.2
Maces & Flails | 3 |  3.7
Throwing       | |  1.8

Action                     |  1- 3 |  4- 6 |  7- 9 | 10-12 | 13-15 || total
---------------------------+-------+-------+-------+-------+-------++-------
  Melee: War axe           |    90 |   104 |   131 |   315 |    14 ||   654
         Headbutt          |     9 |    15 |    37 |   127 |    10 ||   198
         Touch             |     9 |    19 |    19 |    92 |     7 ||   146
         Tailslap          |       |     6 |    22 |    80 |     7 ||   115
         Punch             |       |     1 |     1 |    15 |       ||    17
         Demon whip        |       |       |       |   130 |    23 ||   153
 Invoke: Ancestor Life: He |       |       |     1 |       |       ||     1
         Recall Ancestor   |       |       |     2 |     3 |       ||     5
  Evoke: Wand              |       |       |     6 |     7 |       ||    13
         Condenser vane    |       |       |       |     3 |     1 ||     4
         Sack of spiders   |       |       |       |     2 |     1 ||     3
    Use: Scroll            |     7 |     3 |     7 |    11 |       ||    28
         Potion            |     1 |       |     2 |     6 |     4 ||    13
   Stab: Sleeping          |     2 |     3 |     1 |     2 |       ||     8
         Confused          |       |       |     2 |     8 |     2 ||    12
         Distracted        |       |       |     1 |     7 |       ||     8
 Armour: Leather armour    |    50 |    76 |    31 |       |       ||   157
         Skin              |       |       |    23 |       |    38 ||    61
         Steam dragon scal |       |       |    53 |    59 |       ||   112
         Troll leather arm |       |       |       |   332 |    18 ||   350
  Dodge: Dodged            |    65 |    78 |    74 |   386 |    13 ||   616
